Workbook
Name AREAS_ARQ: [1]Consolidado!$G$7:$BM$276
Name IOM: [2]Valores!$A$3:$A$7
Name smmlv2021: [5]TABLAS!$D$64
Name SUELO_UTIL: [1]SUELO_UTIL!$E$2:$V$997

Sheet DATOS 
A1: No | B1: UPL | D1: RENOVACIÓN URBANA
A2: 1 | B2: SUMAPAZ | D2: REVITALIZACIÓN POR LICENCIAMIENTO
A3: 2 | B3: CUENCA DEL TUNJUELO | D3: REVITALIZACIÓN POR PLAN PARCIAL
A4: 3 | B4: ARBORIZADORA | D4: ÁREA INTEGRADORA MULTIMODAL -AIM
A5: 4 | B5: LUCERO | D5: REORDENAMIENTO DE CLUBES Y CENTROS RECREODEPORTIVOS
A6: 5 | B6: USME - ENTRE NUBES | D6: ÁREA DE ACTIVIDAD
A7: 6 | B7: CERROS ORIENTALES | D7: Área de Actividad Grandes Servicios Metropolitanos - AAGSM
A8: 7 | B8: TORCA | D8: Área de Actividad Estructurante - AAE - Receptora de actividades económicas
A9: 8 | B9: BRITALIA | D9: Área de Actividad Estructurante - AAE - Receptora de vivienda de interés social
A10: 9 | B10: SUBA | D10: Área de Actividad de Proximidad - AAP - Receptora de soportes urbanos
A11: 10 | B11: TIBABUYES | D11: Área de Actividad de Proximidad - AAP- Generadora de soportes urbanos
A12: 11 | B12: ENGATIVÁ
A13: 12 | B13: FONTIBÓN
A14: 13 | B14: TINTAL | D14: MODELACIÓN
A15: 14 | B15: PATIO BONITO | D15: VIS/VIP en sitio
A16: 15 | B16: PORVENIR | D16: VIS/VIP compensada
A17: 16 | B17: EDÉN | D17: VIS/VIP trasladada
A18: 17 | B18: BOSA | D18: VIS/VIP + SOLO VIS
A19: 18 | B19: KENNEDY
A20: 19 | B20: TUNJUELITO | D20: PROYECTO DE ACUERDO POT 2021
A21: 20 | B21: RAFAEL URIBE | D21: POT 190/2004
A22: 21 | B22: SAN CRISTÓBAL
A23: 22 | B23: RESTREPO | D23: SISTEMA CONSTRUCTIVO
A24: 23 | B24: CENTRO HISTÓRICO | D24: Sistema constructivo tradicional
A25: 24 | B25: CHAPINERO | D25: Sistema constructivo mixto
A26: 25 | B26: USAQUÉN | D26: Sistema constructivo industrializado
A27: 26 | B27: TOBERÍN
A28: 27 | B28: NIZA
A29: 28 | B29: RINCÓN DE SUBA
A30: 29 | B30: TABORA
A31: 30 | B31: SALITRE
A32: 31 | B32: PUENTE ARANDA
A33: 32 | B33: TEUSAQUILLO
A34: 33 | B34: BARRIOS UNIDOS

Sheet Modelacion (8p) Oct 26
A1: ACTUACIÓN SIN ANTEJARDÍN - 8 PISOS - PARQUE EL TUNAL
A2: EJERCICIO - APLICANDO NORMA PROPUESTA 2021
A4: Manzana actual
A5: Perfil vía (Carrera 19 C - Av. Tunjuelito) | C5: m | D5: 59
A6: Perfil vía (Calle 56 A Sur) | C6: m | D6: 11.56
A7: Perfil vía (Carrera 19 B) | C7: m | D7: 10.17
A8: Perfil vía (Calle 57 Sur) | C8: m | D8: 12.4
A9: Dimensión antejardines | C9: m | D9: N/A
A10: Dimension voladizo (Carrera 19 C - Av. Tunjuelito) | C10: m | D10: 0.6
A11: Dimension voladizo (Calle 56 A Sur) | C11: m | D11: 0.6
A12: Dimension voladizo (Carera 19 B) | C12: m | D12: 0.6
A13: Dimension voladizo (Calle 57 Sur) | C13: m | D13: 0.6
A14: Voladizo permitido | C14: m | D14: 0.6
A15: Pisos de altura promedio | C15: # | D15: 2
A16: Área de la manzana | C16: m2 | D16: 5313.9177
A17: Tipología | C17: Loteo sin antejardín
A18: Manzana propuesta | F18: VALOR DE REFERENCIA | G18: 1150000
A19: Perfil vía (Carrera 19 C - Av. Tunjuelito) | C19: m | D19: 59 | F19: VALOR AVALUO CASTRAL | G19: 776364
A20: Perfil vía (Calle 56 A Sur) | C20: m | D20: 16
A21: Perfil vía (Carrera 19 B) | C21: m | D21: 16
A22: Perfil vía (Calle 57 Sur) | C22: m | D22: 14
A23: Dimensión antejardines | C23: m | D23: N/A
A24: Dimension voladizo (Carrera 19 C - Av. Tunjuelito) | C24: m | D24: 0.6
A25: Dimension voladizo (Calle 56 A Sur) | C25: m | D25: 0.6
A26: Dimension voladizo (Carera 19 B) | C26: m | D26: 0.6
A27: Dimension voladizo (Calle 57 Sur) | C27: m | D27: 0.6
A28: Voladizo permitido | C28: m | D28: 0.6
A29: No. pisos permitidos base | C29: # | D29: 3
A30: No. pisos permitidos adicional | C30: # | D30: 5
A31: Área de la manzana | C31: m2 | D31: 5313.9177
A32: Tipología | C32: Residencial por manzana
A33: Edificabilidad
A34: Englobe (número de lotes) | C34: # | D34: ='Base (8p) Oct 26'!A32 -> 20
A35: Área total del predio (área bruta urbanizable) | C35: m2 | D35: ='Base (8p) Oct 26'!B33 -> 2369.6
A36: Área total construida (actual aproximada) | C36: m2 | D36: ='Base (8p) Oct 26'!F33 -> 4600
A37: Área total construida (propuesta) | C37: m2 | D37: ='Base (8p) Oct 26'!F8 -> 10772.801
A38: Área adicional propuesta construida | C38: m2 | D38: =D37-D36 -> 6172.8013
A39: Área neta urbanizable | C39: m2 | D39: =D35 -> 2369.6
A40: Indice de construcción actual (básico) | C40: # | D40: =D36/D35 -> 1.9412559
A41: Indice de construcción base (propuesta) | C41: # | D41: =D37/D35 -> 4.5462531
A42: Indice de construcción efectivo (propuesta) | C42: # | D42: =(D37-D70-D68)/D39 -> 4.2402653
A43: Indice adicional (propuesta) | C43: # | D43: =D41-D42 -> 0.30598774
A44: Altura por piso | C44: m | D44: 3.3
A45: Altura piso 1 | C45: m | D45: 3.8
A46: Altura máxima actual | C46: m | D46: 13.2
C47: # | D47: =D29 -> 3
A48: Altura total propuesta | C48: m | D48: =((D49-1)*3.3)+3.8 -> 26.9
C49: # | D49: 8
A50: Número total de viviendas | C50: # | D50: =D51+D52+D53 -> 175
A51: 1 | B51: Número de viviendas VIS (42m2) | C51: # | D51: 0 | E51: =D51/D50 -> 0
A52: 2 | B52: Número de viviendas VIP (42m2) | C52: # | D52: =INT((D121*20%)/42) -> 35 | E52: =D52/D50 -> 0.2 | F52: =D52*42 -> 1470
A53: 3 | B53: Número de viviendas no VIS/VIP (42m2) | C53: # | D53: =INT((D121*80%)/42) -> 140 | E53: =D53/D50 -> 0.8 | F53: =D53*42 -> 5880
A54: Equipamiento comunal privado
A55: 1 | B55: Equipamiento comunal privado - Comercio/dotacional | C55: m2 | D55: =D87*(10/120) -> 88.489771
A56: 2 | B56: Equipamiento comunal privado - Vivienda | C56: m2 | D56: =D58+D57 -> 945
A57: 2.1 | B57: Equipamiento comunal privado VIS/VIP | C57: m2 | D57: =6*D52 -> 210 | E57: =D57*0.2 -> 42
A58: 2.2 | B58: Equipamiento comunal privado no VIS/VIP | C58: m2 | D58: =(D53*42)*(10/80) -> 735 | E58: =D58*0.2 -> 147
A59: Equipamiento comunal privado - Vivienda
A60: 1 | B60: Servicios comunales en áreas construidas: 20% | C60: m2 | D60: =D56*0.2 -> 189
A61: 1.1 | B61: Servicios comunales en primer piso | C61: m2 | D61: =D89 -> 18.9
A62: 1.2 | B62: Servicios comunales en otros pisos | C62: m2 | D62: =+D103+D107+D111+D115+D119+D95 -> 170.1
A63: 2 | B63: Zonas verdes y recreativas en áreas libres: 40% | C63: m2 | D63: =D56*0.4 -> 378
A64: 2.1 | B64: Zonas verdes y recreativas en patio | C64: m2 | D64: 0
A65: 2.2 | B65: Zonas verdes y recreativas en cubierta | C65: m2 | D65: =D63-D64 -> 378
A66: 3 | B66: Estacionamientos bicicletas y cupos obligatorios: 40% | C66: m2 | D66: =D56*0.4 -> 378
A67: Cesiones y retrocesos
A68: 1 | B68: Retroceso de andén en fachadas para alcanzar perfíl vial | C68: m2 | D68: =1796.39165-1663.7231 -> 132.66855
C69: % | D69: =D68/D35 -> 0.055987741
A70: 2 | B70: Área privada afecta al uso público/zona verde | C70: m2 | D70: =D35*D71 -> 592.4
C71: % | D71: 0.25
A72: Ánden
A73: 1 | B73: Franja existente más cesión por sobre-ancho | C73: m2 | D73: =D68+541.54312 -> 674.21167
A74: Estacionamientos
A75: Área total de estacionamientos | D75: =D77+D80+D82+D84 -> 848.17858
A76: 1 | B76: Estacionamientos | C76: # | D76: =INT(D77/12) -> 45 | F76: Viviendas/Estacionamiento | G76: =D50/D76 -> 3.8888889
C77: m2 | D77: =G87-D80-D82-D84 -> 548.21501
A78: Cupos obligatorios | C78: m2 | D78: =D80+D82+D84 -> 299.96357
A79: 1 | B79: Bicicletas y micromovilidad | C79: # | D79: =1*D50 -> 175
C80: m2 | D80: =D79*1.3 -> 227.5
A81: 2 | B81: Estacionamientos para personas con discapacidad | C81: # | D81: =INT(D37/3000) -> 3
C82: m2 | D82: =D81*18.5 -> 55.5
A83: 3 | B83: Vehículos cero emiciones | C83: # | D83: =INT(D84/15) -> 1
C84: m2 | D84: =D75*2% -> 16.963572
A85: Áreas y usos por piso | F85: Estacionamiento piso 1 (modelo 3d) | G85: =451.446541-140 -> 311.44654
A86: Piso 1 | C86: m2 | D86: ='Base (8p) Oct 26'!D4 -> 1663.7231 | F86: Estacionamiento piso 2 (modelo 3d) | G86: 536.73204
A87: 1 | B87: Comercial - dotacional | C87: m2 | D87: =D86-D88-D89-D91-D90 -> 1061.8772 | F87: Total estacionamient (modelo 3d) | G87: =G86+G85 -> 848.17858
A88: 2 | B88: Estacionamientos | C88: m2 | D88: =G85 -> 311.44654
A89: 3 | B89: Equipamiento comunal privado - Vivienda | C89: m2 | D89: =D60-D95 -> 18.9
A90: 4 | B90: Equipamiento comunal privado - Comercio/dotacional | C90: m2 | D90: =D55 -> 88.489771
A91: 5 | B91: PFC | C91: m2 | D91: =D86*D124 -> 183.00954
A92: Piso 2 | C92: m2 | D92: ='Base (8p) Oct 26'!D4 -> 1663.7231
A93: 1 | B93: Vivienda | C93: m2 | D93: =D92-D96-D94-D95 -> 773.88152
A94: 2 | B94: Estacionamientos | C94: m2 | D94: =G86 -> 536.73204
A95: 3 | B95: Equipamiento comunal privado | C95: m2 | D95: =D60*0.9 -> 170.1
A96: 3 | B96: PFC | C96: m2 | D96: =D92*D124 -> 183.00954
A97: Piso 3 | C97: m2 | D97: ='Base (8p) Oct 26'!D5 -> 1360.9817
A98: 1 | B98: Vivienda | C98: m2 | D98: =D97-D100-D99 -> 1211.2737
A99: 2 | B99: Estacionamientos | C99: m2 | D99: 0
A100: 3 | B100: PFC | C100: m2 | D100: =D97*D124 -> 149.70799
A101: Piso 4 | C101: m2 | D101: ='Base (8p) Oct 26'!D6 -> 1280.5476
...

Sheet Base (8p) Oct 26
A1: ÁREA TOTAL CONSTRUIDA MODELACIÓN
A2: NIVEL | B2: No. PISO | D2: ÁREA | E2: AREA TOTAL
B3: # | D3: m2 | F3: m2
A4: Piso 1-2 | B4: 2 | D4: =1663.7231 -> 1663.7231 | E4: M2 | F4: =B4*D4 -> 3327.4462
A5: Piso 3 | B5: 1 | D5: 1360.9817 | E5: M2 | F5: =B5*D5 -> 1360.9817
A6: Piso 4 | B6: 1 | D6: 1280.5476 | E6: M3 | F6: =B6*D6 -> 1280.5476
A7: Pisos 5-8 | B7: 4 | D7: 1200.9564 | E7: M2 | F7: =B7*D7 -> 4803.8258
A8: Número de Pisos Totales | B8: =SUM(B4:B7) -> 8 | D8: ÁREA TOTAL | E8: M2 | F8: =SUM(F4:F7) -> 10772.801
A10: AREA TOTAL CONSTRUIDA ACTUAL
A11: No. LOTE | B11: AREA PISO | C11: No. PISOS | E11: AREA TOTAL
A12: # | B12: m2 | C12: # | F12: m2
A13: 1 | B13: 45.6 | C13: 1 | E13: M2 | F13: =C13*B13 -> 45.6
A14: 2 | B14: 61.3 | C14: 3 | E14: M2 | F14: =C14*B14 -> 183.9
A15: 3 | B15: 86 | C15: 2 | E15: M2 | F15: =C15*B15 -> 172
A16: 4 | B16: 109.9 | C16: 2 | E16: M2 | F16: =C16*B16 -> 219.8
A17: 5 | B17: 138.9 | C17: 1 | E17: M2 | F17: =C17*B17 -> 138.9
A18: 6 | B18: 139.6 | C18: 2 | E18: M2 | F18: =C18*B18 -> 279.2
A19: 7 | B19: 123 | C19: 2 | E19: M2 | F19: =C19*B19 -> 246
A20: 8 | B20: 67 | C20: 2 | E20: M2 | F20: =C20*B20 -> 134
A21: 9 | B21: 125.6 | C21: 3 | E21: M2 | F21: =C21*B21 -> 376.8
A22: 10 | B22: 170.9 | C22: 3 | E22: M2 | F22: =C22*B22 -> 512.7
A23: 11 | B23: 171 | C23: 1 | E23: M2 | F23: =C23*B23 -> 171
A24: 12 | B24: 170.8 | C24: 2 | E24: M2 | F24: =C24*B24 -> 341.6
... A32: 20 | B32: 47.3 | C32: 2 | E32: M2 | F32: =C32*B32 -> 94.6
A33: Área total del predio | B33: =SUM(B13:B32) -> 2369.6 | C33: Área total constrida actual | E33: M2 | F33: =SUM(F13:F32) -> 4600

Sheet Modelacion (8p) No VIS Nov 8
A1: ACTUACIÓN SIN ANTEJARDÍN - 8 PISOS - PARQUE EL TUNAL
A2: EJERCICIO - APLICANDO NORMA PROPUESTA 2021
A4: Manzana actual
A5: Perfil vía (Carrera 19 C - Av. Tunjuelito) | C5: m | D5: 59
A6: Perfil vía (Calle 56 A Sur) | C6: m | D6: 11.56
A7: Perfil vía (Carrera 19 B) | C7: m | D7: 10.17
A8: Perfil vía (Calle 57 Sur) | C8: m | D8: 12.4
A9: Dimensión antejardines | C9: m | D9: N/A
A10: Dimension voladizo (Carrera 19 C - Av. Tunjuelito) | C10: m | D10: 0.6
A11: Dimension voladizo (Calle 56 A Sur) | C11: m | D11: 0.6
A12: Dimension voladizo (Carera 19 B) | C12: m | D12: 0.6
A13: Dimension voladizo (Calle 57 Sur) | C13: m | D13: 0.6
A14: Voladizo permitido | C14: m | D14: 0.6
A15: Pisos de altura promedio | C15: # | D15: 2
A16: Área de la manzana | C16: m2 | D16: 5313.9177
A17: Tipología | C17: Loteo sin antejardín
A18: Manzana propuesta
A19: Perfil vía (Carrera 19 C - Av. Tunjuelito) | C19: m | D19: 59
A20: Perfil vía (Calle 56 A Sur) | C20: m | D20: 16
A21: Perfil vía (Carrera 19 B) | C21: m | D21: 16
A22: Perfil vía (Calle 57 Sur) | C22: m | D22: 14
A23: Dimensión antejardines | C23: m | D23: N/A
A24: Dimension voladizo (Carrera 19 C - Av. Tunjuelito) | C24: m | D24: 0.6
A25: Dimension voladizo (Calle 56 A Sur) | C25: m | D25: 0.6
A26: Dimension voladizo (Carera 19 B) | C26: m | D26: 0.6
A27: Dimension voladizo (Calle 57 Sur) | C27: m | D27: 0.6
A28: Voladizo permitido | C28: m | D28: 0.6
A29: No. pisos permitidos base | C29: # | D29: 3
A30: No. pisos permitidos adicional | C30: # | D30: 5
A31: Área de la manzana | C31: m2 | D31: 5313.9177
A32: Tipología | C32: Residencial por manzana
A33: Edificabilidad
A34: Englobe (número de lotes) | C34: # | D34: ='Base (8p) No Vis Nov 8 '!A32 -> 20
A35: Área total del predio (área bruta urbanizable) | C35: m2 | D35: ='Base (8p) No Vis Nov 8 '!B33 -> 2369.6
A36: Área total construida (actual aproximada) | C36: m2 | D36: ='Base (8p) No Vis Nov 8 '!F33 -> 4600
A37: Área total construida (propuesta) | C37: m2 | D37: ='Base (8p) No Vis Nov 8 '!F8 -> 10772.801
A38: Área adicional propuesta construida | C38: m2 | D38: =D37-D36 -> 6172.8013
A39: Área neta urbanizable | C39: m2 | D39: =D35 -> 2369.6
A40: Indice de construcción actual (básico) | C40: # | D40: =D36/D35 -> 1.9412559
A41: Indice de construcción base (propuesta) | C41: # | D41: =D37/D35 -> 4.5462531
A42: Indice de construcción efectivo para obligaciones urbanísticas (propuesta) | C42: # | D42: =(D121+D122-(D52*42))/D35 -> 3.5728783
A43: Indice adicional (propuesta) | C43: # | D43: =D41-D42 -> 0.97337475
A44: Altura por piso | C44: m | D44: 3.3
A45: Altura piso 1 | C45: m | D45: 3.8
A46: Altura máxima actual | C46: m | D46: 13.2
C47: # | D47: =D29 -> 3
A48: Altura total propuesta | C48: m | D48: =((D49-1)*3.3)+3.8 -> 26.9
C49: # | D49: 8
A50: Número total de viviendas | C50: # | D50: =D51+D52+D53 -> 176
A51: 1 | B51: Número de viviendas VIS (42m2) | C51: # | D51: 0 | E51: =D51/D50 -> 0
A52: 2 | B52: Número de viviendas VIP (42m2) | C52: # | D52: 0 | E52: =D52/D50 -> 0 | F52: =D52*42 -> 0
A53: 3 | B53: Número de viviendas no VIS/VIP (42m2) | C53: # | D53: =INT((D121*100%)/42) -> 176 | E53: =D53/D50 -> 1 | F53: =D53*42 -> 7392
A54: Equipamiento comunal privado
A55: 1 | B55: Equipamiento comunal privado - Comercio/dotacional | C55: m2 | D55: =D87*(10/120) -> 88.522078
A56: 2 | B56: Equipamiento comunal privado - Vivienda | C56: m2 | D56: =D58+D57 -> 924
A57: 2.1 | B57: Equipamiento comunal privado VIS/VIP | C57: m2 | D57: =6*D52 -> 0
A58: 2.2 | B58: Equipamiento comunal privado no VIS/VIP | C58: m2 | D58: =(D53*42)*(10/80) -> 924
A59: Equipamiento comunal privado - Vivienda
A60: 1 | B60: Servicios comunales en áreas construidas: 20% | C60: m2 | D60: =D56*0.2 -> 184.8
A61: 1.1 | B61: Servicios comunales en primer piso | C61: m2 | D61: =D89 -> 18.48
A62: 1.2 | B62: Servicios comunales en otros pisos | C62: m2 | D62: =+D103+D107+D111+D115+D119+D95 -> 166.32
A63: 2 | B63: Zonas verdes y recreativas en áreas libres: 40% | C63: m2 | D63: =D56*0.4 -> 369.6
A64: 2.1 | B64: Zonas verdes y recreativas en patio | C64: m2 | D64: 0
A65: 2.2 | B65: Zonas verdes y recreativas en cubierta | C65: m2 | D65: =D63-D64 -> 369.6
A66: 3 | B66: Estacionamientos bicicletas y cupos obligatorios: 40% | C66: m2 | D66: =D56*0.4 -> 369.6
A67: Cesiones y retrocesos
A68: 1 | B68: Retroceso de andén en fachadas para alcanzar perfíl vial | C68: m2 | D68: =1796.39165-1663.7231 -> 132.66855
C69: % | D69: =D68/D35 -> 0.055987741
A70: 2 | B70: Área privada afecta al uso público/zona verde | C70: m2 | D70: =D35*D71 -> 592.4
C71: % | D71: 0.25
A72: Ánden
A73: 1 | B73: Franja existente más cesión por sobre-ancho | C73: m2 | D73: =D68+541.54312 -> 674.21167
A74: Estacionamientos
A75: Área total de estacionamientos | D75: =D77+D80+D82+D84 -> 848.17858
A76: 1 | B76: Estacionamientos | C76: # | D76: =INT(D77/12) -> 45 | F76: Viviendas/Estacionamiento | G76: =D50/D76 -> 3.9111111
C77: m2 | D77: =G87-D80-D82-D84 -> 546.91501
A78: Cupos obligatorios | C78: m2 | D78: =D80+D82+D84 -> 301.26357
A79: 1 | B79: Bicicletas y micromovilidad | C79: # | D79: =1*D50 -> 176
C80: m2 | D80: =D79*1.3 -> 228.8
A81: 2 | B81: Estacionamientos para personas con discapacidad | C81: # | D81: =INT(D37/3000) -> 3
C82: m2 | D82: =D81*18.5 -> 55.5
A83: 3 | B83: Vehículos cero emiciones | C83: # | D83: =INT(D84/15) -> 1
C84: m2 | D84: =D75*2% -> 16.963572
A85: Áreas y usos por piso | F85: Estacionamiento piso 1 (modelo 3d) | G85: =451.446541-140 -> 311.44654
A86: Piso 1 | C86: m2 | D86: ='Base (8p) No Vis Nov 8 '!D4 -> 1663.7231 | F86: Estacionamiento piso 2 (modelo 3d) | G86: 536.73204
A87: 1 | B87: Comercial - dotacional | C87: m2 | D87: =D86-D88-D89-D91-D90 -> 1062.2649 | F87: Total estacionamient (modelo 3d) | G87: =G86+G85 -> 848.17858
A88: 2 | B88: Estacionamientos | C88: m2 | D88: =G85 -> 311.44654
A89: 3 | B89: Equipamiento comunal privado - Vivienda | C89: m2 | D89: =D60-D95 -> 18.48
A90: 4 | B90: Equipamiento comunal privado - Comercio/dotacional | C90: m2 | D90: =D55 -> 88.522078
A91: 5 | B91: PFC | C91: m2 | D91: =D86*D124 -> 183.00954
A92: Piso 2 | C92: m2 | D92: ='Base (8p) No Vis Nov 8 '!D4 -> 1663.7231
A93: 1 | B93: Vivienda | C93: m2 | D93: =D92-D96-D94-D95 -> 777.66152
A94: 2 | B94: Estacionamientos | C94: m2 | D94: =G86 -> 536.73204
A95: 3 | B95: Equipamiento comunal privado | C95: m2 | D95: =D60*0.9 -> 166.32
A96: 3 | B96: PFC | C96: m2 | D96: =D92*D124 -> 183.00954
A97: Piso 3 | C97: m2 | D97: ='Base (8p) No Vis Nov 8 '!D5 -> 1360.9817
A98: 1 | B98: Vivienda | C98: m2 | D98: =D97-D100-D99 -> 1211.2737
A99: 2 | B99: Estacionamientos | C99: m2 | D99: 0
A100: 3 | B100: PFC | C100: m2 | D100: =D97*D124 -> 149.70799
A101: Piso 4 | C101: m2 | D101: ='Base (8p) No Vis Nov 8 '!D6 -> 1280.5476
...

Sheet Base (8p) No Vis Nov 8 
A1: ÁREA TOTAL CONSTRUIDA MODELACIÓN
A2: NIVEL | B2: No. PISO | D2: ÁREA | E2: AREA TOTAL
B3: # | D3: m2 | F3: m2
A4: Piso 1-2 | B4: 2 | D4: =1663.7231 -> 1663.7231 | E4: M2 | F4: =B4*D4 -> 3327.4462
A5: Piso 3 | B5: 1 | D5: 1360.9817 | E5: M2 | F5: =B5*D5 -> 1360.9817
A6: Piso 4 | B6: 1 | D6: 1280.5476 | E6: M3 | F6: =B6*D6 -> 1280.5476
A7: Pisos 5-8 | B7: 4 | D7: 1200.9564 | E7: M2 | F7: =B7*D7 -> 4803.8258
A8: Número de Pisos Totales | B8: =SUM(B4:B7) -> 8 | D8: ÁREA TOTAL | E8: M2 | F8: =SUM(F4:F7) -> 10772.801
A10: AREA TOTAL CONSTRUIDA ACTUAL
A11: No. LOTE | B11: AREA PISO | C11: No. PISOS | E11: AREA TOTAL
A12: # | B12: m2 | C12: # | F12: m2
A13: 1 | B13: 45.6 | C13: 1 | E13: M2 | F13: =C13*B13 -> 45.6
A14: 2 | B14: 61.3 | C14: 3 | E14: M2 | F14: =C14*B14 -> 183.9
A15: 3 | B15: 86 | C15: 2 | E15: M2 | F15: =C15*B15 -> 172
A16: 4 | B16: 109.9 | C16: 2 | E16: M2 | F16: =C16*B16 -> 219.8
A17: 5 | B17: 138.9 | C17: 1 | E17: M2 | F17: =C17*B17 -> 138.9
A18: 6 | B18: 139.6 | C18: 2 | E18: M2 | F18: =C18*B18 -> 279.2
A19: 7 | B19: 123 | C19: 2 | E19: M2 | F19: =C19*B19 -> 246
A20: 8 | B20: 67 | C20: 2 | E20: M2 | F20: =C20*B20 -> 134
A21: 9 | B21: 125.6 | C21: 3 | E21: M2 | F21: =C21*B21 -> 376.8
A22: 10 | B22: 170.9 | C22: 3 | E22: M2 | F22: =C22*B22 -> 512.7
A23: 11 | B23: 171 | C23: 1 | E23: M2 | F23: =C23*B23 -> 171
A24: 12 | B24: 170.8 | C24: 2 | E24: M2 | F24: =C24*B24 -> 341.6
... A32: 20 | B32: 47.3 | C32: 2 | E32: M2 | F32: =C32*B32 -> 94.6
A33: Área total del predio | B33: =SUM(B13:B32) -> 2369.6 | C33: Área total constrida actual | E33: M2 | F33: =SUM(F13:F32) -> 4600

Sheet Modelacion (8p) Nov 8
A1: ACTUACIÓN SIN ANTEJARDÍN - 8 PISOS - PARQUE EL TUNAL
A2: EJERCICIO - APLICANDO NORMA PROPUESTA 2021
A4: Manzana actual
A5: Perfil vía (Carrera 19 C - Av. Tunjuelito) | C5: m | D5: 59
A6: Perfil vía (Calle 56 A Sur) | C6: m | D6: 11.56
A7: Perfil vía (Carrera 19 B) | C7: m | D7: 10.17
A8: Perfil vía (Calle 57 Sur) | C8: m | D8: 12.4
A9: Dimensión antejardines | C9: m | D9: N/A
A10: Dimension voladizo (Carrera 19 C - Av. Tunjuelito) | C10: m | D10: 0.6
A11: Dimension voladizo (Calle 56 A Sur) | C11: m | D11: 0.6
A12: Dimension voladizo (Carera 19 B) | C12: m | D12: 0.6
A13: Dimension voladizo (Calle 57 Sur) | C13: m | D13: 0.6
A14: Voladizo permitido | C14: m | D14: 0.6
A15: Pisos de altura promedio | C15: # | D15: 2
A16: Área de la manzana | C16: m2 | D16: 5313.9177
A17: Tipología | C17: Loteo sin antejardín
A18: Manzana propuesta
A19: Perfil vía (Carrera 19 C - Av. Tunjuelito) | C19: m | D19: 59
A20: Perfil vía (Calle 56 A Sur) | C20: m | D20: 16
A21: Perfil vía (Carrera 19 B) | C21: m | D21: 16
A22: Perfil vía (Calle 57 Sur) | C22: m | D22: 14
A23: Dimensión antejardines | C23: m | D23: N/A
A24: Dimension voladizo (Carrera 19 C - Av. Tunjuelito) | C24: m | D24: 0.6
A25: Dimension voladizo (Calle 56 A Sur) | C25: m | D25: 0.6
A26: Dimension voladizo (Carera 19 B) | C26: m | D26: 0.6
A27: Dimension voladizo (Calle 57 Sur) | C27: m | D27: 0.6
A28: Voladizo permitido | C28: m | D28: 0.6
A29: No. pisos permitidos base | C29: # | D29: 3
A30: No. pisos permitidos adicional | C30: # | D30: 5
A31: Área de la manzana | C31: m2 | D31: 5313.9177
A32: Tipología | C32: Residencial por manzana
A33: Edificabilidad
A34: Englobe (número de lotes) | C34: # | D34: ='Base (8p) Nov 8'!A32 -> 20
A35: Área total del predio (área bruta urbanizable) | C35: m2 | D35: ='Base (8p) Nov 8'!B33 -> 2369.6
A36: Área total construida (actual aproximada) | C36: m2 | D36: ='Base (8p) Nov 8'!F33 -> 4600
A37: Área total construida (propuesta) | C37: m2 | D37: ='Base (8p) Nov 8'!F8 -> 10772.801
A38: Área adicional propuesta construida | C38: m2 | D38: =D37-D36 -> 6172.8013
A39: Área neta urbanizable | C39: m2 | D39: =D35 -> 2369.6
A40: Indice de construcción actual (básico) | C40: # | D40: =D36/D35 -> 1.9412559
A41: Indice de construcción base (propuesta) | C41: # | D41: =D37/D35 -> 4.5462531
A42: Indice de construcción efectivo para obligaciones urbanísticas (propuesta) | C42: # | D42: =(D121+D122-(D52*42))/D35 -> 2.9507617
A43: Indice adicional (propuesta) | C43: # | D43: =D41-D42 -> 1.5954914
A44: Altura por piso | C44: m | D44: 3.3
A45: Altura piso 1 | C45: m | D45: 3.8
A46: Altura máxima actual | C46: m | D46: 13.2
C47: # | D47: =D29 -> 3
A48: Altura total propuesta | C48: m | D48: =((D49-1)*3.3)+3.8 -> 26.9
C49: # | D49: 8
A50: Número total de viviendas | C50: # | D50: =D51+D52+D53 -> 175
A51: 1 | B51: Número de viviendas VIS (42m2) | C51: # | D51: 0 | E51: =D51/D50 -> 0
A52: 2 | B52: Número de viviendas VIP (42m2) | C52: # | D52: =INT((D121*20%)/42) -> 35 | E52: =D52/D50 -> 0.2 | F52: =D52*42 -> 1470
A53: 3 | B53: Número de viviendas no VIS/VIP (42m2) | C53: # | D53: =INT((D121*80%)/42) -> 140 | E53: =D53/D50 -> 0.8 | F53: =D53*42 -> 5880
A54: Equipamiento comunal privado
A55: 1 | B55: Equipamiento comunal privado - Comercio/dotacional | C55: m2 | D55: =D87*(10/120) -> 88.489771
A56: 2 | B56: Equipamiento comunal privado - Vivienda | C56: m2 | D56: =D58+D57 -> 945
A57: 2.1 | B57: Equipamiento comunal privado VIS/VIP | C57: m2 | D57: =6*D52 -> 210 | E57: =D57*0.2 -> 42
A58: 2.2 | B58: Equipamiento comunal privado no VIS/VIP | C58: m2 | D58: =(D53*42)*(10/80) -> 735 | E58: =D58*0.2 -> 147
A59: Equipamiento comunal privado - Vivienda
A60: 1 | B60: Servicios comunales en áreas construidas: 20% | C60: m2 | D60: =D56*0.2 -> 189
A61: 1.1 | B61: Servicios comunales en primer piso | C61: m2 | D61: =D89 -> 18.9
A62: 1.2 | B62: Servicios comunales en otros pisos | C62: m2 | D62: =+D103+D107+D111+D115+D119+D95 -> 170.1
A63: 2 | B63: Zonas verdes y recreativas en áreas libres: 40% | C63: m2 | D63: =D56*0.4 -> 378
A64: 2.1 | B64: Zonas verdes y recreativas en patio | C64: m2 | D64: 0
A65: 2.2 | B65: Zonas verdes y recreativas en cubierta | C65: m2 | D65: =D63-D64 -> 378
A66: 3 | B66: Estacionamientos bicicletas y cupos obligatorios: 40% | C66: m2 | D66: =D56*0.4 -> 378
A67: Cesiones y retrocesos
A68: 1 | B68: Retroceso de andén en fachadas para alcanzar perfíl vial | C68: m2 | D68: =1796.39165-1663.7231 -> 132.66855
C69: % | D69: =D68/D35 -> 0.055987741
A70: 2 | B70: Área privada afecta al uso público/zona verde | C70: m2 | D70: =D35*D71 -> 592.4
C71: % | D71: 0.25
A72: Ánden
A73: 1 | B73: Franja existente más cesión por sobre-ancho | C73: m2 | D73: =D68+541.54312 -> 674.21167
A74: Estacionamientos
A75: Área total de estacionamientos | D75: =D77+D80+D82+D84 -> 848.17858
A76: 1 | B76: Estacionamientos | C76: # | D76: =INT(D77/12) -> 45 | F76: Viviendas/Estacionamiento | G76: =D50/D76 -> 3.8888889
C77: m2 | D77: =G87-D80-D82-D84 -> 548.21501
A78: Cupos obligatorios | C78: m2 | D78: =D80+D82+D84 -> 299.96357
A79: 1 | B79: Bicicletas y micromovilidad | C79: # | D79: =1*D50 -> 175
C80: m2 | D80: =D79*1.3 -> 227.5
A81: 2 | B81: Estacionamientos para personas con discapacidad | C81: # | D81: =INT(D37/3000) -> 3
C82: m2 | D82: =D81*18.5 -> 55.5
A83: 3 | B83: Vehículos cero emiciones | C83: # | D83: =INT(D84/15) -> 1
C84: m2 | D84: =D75*2% -> 16.963572
A85: Áreas y usos por piso | F85: Estacionamiento piso 1 (modelo 3d) | G85: =451.446541-140 -> 311.44654
A86: Piso 1 | C86: m2 | D86: ='Base (8p) Nov 8'!D4 -> 1663.7231 | F86: Estacionamiento piso 2 (modelo 3d) | G86: 536.73204
A87: 1 | B87: Comercial - dotacional | C87: m2 | D87: =D86-D88-D89-D91-D90 -> 1061.8772 | F87: Total estacionamient (modelo 3d) | G87: =G86+G85 -> 848.17858
A88: 2 | B88: Estacionamientos | C88: m2 | D88: =G85 -> 311.44654
A89: 3 | B89: Equipamiento comunal privado - Vivienda | C89: m2 | D89: =D60-D95 -> 18.9
A90: 4 | B90: Equipamiento comunal privado - Comercio/dotacional | C90: m2 | D90: =D55 -> 88.489771
A91: 5 | B91: PFC | C91: m2 | D91: =D86*D124 -> 183.00954
A92: Piso 2 | C92: m2 | D92: ='Base (8p) Nov 8'!D4 -> 1663.7231
A93: 1 | B93: Vivienda | C93: m2 | D93: =D92-D96-D94-D95 -> 773.88152
A94: 2 | B94: Estacionamientos | C94: m2 | D94: =G86 -> 536.73204
A95: 3 | B95: Equipamiento comunal privado | C95: m2 | D95: =D60*0.9 -> 170.1
A96: 3 | B96: PFC | C96: m2 | D96: =D92*D124 -> 183.00954
A97: Piso 3 | C97: m2 | D97: ='Base (8p) Nov 8'!D5 -> 1360.9817
A98: 1 | B98: Vivienda | C98: m2 | D98: =D97-D100-D99 -> 1211.2737
A99: 2 | B99: Estacionamientos | C99: m2 | D99: 0
A100: 3 | B100: PFC | C100: m2 | D100: =D97*D124 -> 149.70799
A101: Piso 4 | C101: m2 | D101: ='Base (8p) Nov 8'!D6 -> 1280.5476
...

Sheet Base (8p) Nov 8
A1: ÁREA TOTAL CONSTRUIDA MODELACIÓN
A2: NIVEL | B2: No. PISO | D2: ÁREA | E2: AREA TOTAL
B3: # | D3: m2 | F3: m2
A4: Piso 1-2 | B4: 2 | D4: =1663.7231 -> 1663.7231 | E4: M2 | F4: =B4*D4 -> 3327.4462
A5: Piso 3 | B5: 1 | D5: 1360.9817 | E5: M2 | F5: =B5*D5 -> 1360.9817
A6: Piso 4 | B6: 1 | D6: 1280.5476 | E6: M3 | F6: =B6*D6 -> 1280.5476
A7: Pisos 5-8 | B7: 4 | D7: 1200.9564 | E7: M2 | F7: =B7*D7 -> 4803.8258
A8: Número de Pisos Totales | B8: =SUM(B4:B7) -> 8 | D8: ÁREA TOTAL | E8: M2 | F8: =SUM(F4:F7) -> 10772.801
A10: AREA TOTAL CONSTRUIDA ACTUAL
A11: No. LOTE | B11: AREA PISO | C11: No. PISOS | E11: AREA TOTAL
A12: # | B12: m2 | C12: # | F12: m2
A13: 1 | B13: 45.6 | C13: 1 | E13: M2 | F13: =C13*B13 -> 45.6
A14: 2 | B14: 61.3 | C14: 3 | E14: M2 | F14: =C14*B14 -> 183.9
A15: 3 | B15: 86 | C15: 2 | E15: M2 | F15: =C15*B15 -> 172
A16: 4 | B16: 109.9 | C16: 2 | E16: M2 | F16: =C16*B16 -> 219.8
A17: 5 | B17: 138.9 | C17: 1 | E17: M2 | F17: =C17*B17 -> 138.9
A18: 6 | B18: 139.6 | C18: 2 | E18: M2 | F18: =C18*B18 -> 279.2
A19: 7 | B19: 123 | C19: 2 | E19: M2 | F19: =C19*B19 -> 246
A20: 8 | B20: 67 | C20: 2 | E20: M2 | F20: =C20*B20 -> 134
A21: 9 | B21: 125.6 | C21: 3 | E21: M2 | F21: =C21*B21 -> 376.8
A22: 10 | B22: 170.9 | C22: 3 | E22: M2 | F22: =C22*B22 -> 512.7
A23: 11 | B23: 171 | C23: 1 | E23: M2 | F23: =C23*B23 -> 171
A24: 12 | B24: 170.8 | C24: 2 | E24: M2 | F24: =C24*B24 -> 341.6
... A32: 20 | B32: 47.3 | C32: 2 | E32: M2 | F32: =C32*B32 -> 94.6
A33: Área total del predio | B33: =SUM(B13:B32) -> 2369.6 | C33: Área total constrida actual | E33: M2 | F33: =SUM(F13:F32) -> 4600

Sheet FAC_MI Tunal 8P
D1: PARAMETROS | J1: PARAMETROS | P1: PARAMETROS
D2: SMMLV | E2: 908.526 | J2: SMMLV | K2: 908.526 | P2: SMMLV | Q2: 908.526
D3: Av / Ac = | E3: 1 | G3: Area del predio: | H3: ='Modelacion (8p) Oct 26'!D35 -> 2369.6 | J3: Av / Ac = | K3: 1 | M3: Area del predio: | N3: ='Modelacion (8p) Nov 8'!D35 -> 2369.6 | P3: Av / Ac = | Q3: 1 | S3: Area del predio: | T3: ='Modelacion (8p) No VIS Nov 8'!D35 -> 2369.6
D4: A vivienda VIS/VIP | E4: 42 | G4: Area Construida (Ic): | H4: =SUM('Modelacion (8p) Oct 26'!D121:D122) -> 8462.1248 | J4: A vivienda VIS/VIP | K4: 42 | M4: Area Construida (Ic): | N4: =N3*N5 -> 6992.1248 | P4: A vivienda VIS/VIP | Q4: 42 | S4: Area Construida (Ic): | T4: =T3*T5 -> 8466.2925
D5: A vivienda NO VIS | E5: 42 | G5: Ind. Construcción | H5: =H4/H3 -> 3.5711195 | J5: A vivienda NO VIS | K5: 42 | M5: Ind. Construcción | N5: ='Modelacion (8p) Nov 8'!D42 -> 2.9507617 | P5: A vivienda NO VIS | Q5: 42 | S5: Ind. Construcción | T5: ='Modelacion (8p) No VIS Nov 8'!D42 -> 3.5728783
D6: Valor cat. suelo | E6: ='Modelacion (8p) Oct 26'!G19/1000 -> 776.364 | G6: > Vlr Suelo: | H6: 0.5 | J6: Valor cat. suelo | K6: =E6 -> 776.364 | M6: > Vlr Suelo: | N6: 0.5 | P6: Valor cat. suelo | Q6: =K6 -> 776.364 | S6: > Vlr Suelo: | T6: 0.5
D7: Valor com. suelo | G7: Valor proy. Suelo | H7: =E6*(1+H6) -> 1164.546 | J7: Valor com. suelo | M7: Valor proy. Suelo | N7: =K6*(1+N6) -> 1164.546 | P7: Valor com. suelo | S7: Valor proy. Suelo | T7: =Q6*(1+T6) -> 1164.546
D8: Valor ref. suelo | E8: ='Modelacion (8p) Oct 26'!G18/1000 -> 1150 | H8: =IF(H7>=E8,"ok","revisar") -> ok | J8: Valor ref. suelo | K8: =E8 -> 1150 | N8: =IF(N7>=K8,"ok","revisar") -> ok | P8: Valor ref. suelo | Q8: =K8 -> 1150 | T8: =IF(T7>=Q8,"ok","revisar") -> ok
B10: APROVECHAMIENTOS | D10: ='Modelacion (8p) Oct 26'!A1 -> ACTUACIÓN SIN ANTEJARDÍN - 8 PISOS - PARQUE EL TUNAL | H10: 8P Oct 26 2021 | J10: ='Modelacion (8p) Nov 8'!A1 -> ACTUACIÓN SIN ANTEJARDÍN - 8 PISOS - PARQUE EL TUNAL | N10: 8P Nov 8 2021 | P10: ='Modelacion (8p) No VIS Nov 8'!A1 -> ACTUACIÓN SIN ANTEJARDÍN - 8 PISOS - PARQUE EL TUNAL | T10: 8P No VIS Nov 8 2021
D11: UNIDADES | E11: VLR / Und | F11: VLR / M2 | G11: VLR | H11: SMMLV | J11: UNIDADES | K11: VLR / Und | L11: VLR / M2 | M11: VLR | N11: SMMLV | P11: UNIDADES | Q11: VLR / Und | R11: VLR / M2 | S11: VLR | T11: SMMLV
B12: VIP | D12: ='Modelacion (8p) Oct 26'!D52 -> 35 | E12: =H12*$E$2 -> 81767.34 | F12: =E12/E4 -> 1946.8414 | G12: =E12*D12 -> 2861856.9 | H12: 90 | J12: ='Modelacion (8p) Nov 8'!D52 -> 35 | K12: =N12*$E$2 -> 81767.34 | L12: =K12/K4 -> 1946.8414 | M12: =K12*J12 -> 2861856.9 | N12: 90 | Q12: =T12*$E$2 -> 0 | R12: =Q12/Q4 -> 0 | S12: =Q12*P12 -> 0 | T12: 0
D13: =D12 -> 35 | E13: =D13*E4 -> 1470 | F13: =E13+'Modelacion (8p) Oct 26'!G121+'Modelacion (8p) Oct 26'!K121+'Modelacion (8p) Oct 26'!E57 -> 1729.3108 | G13: =SUM(G12:G12) -> 2861856.9 | H13: =G13/G$36 -> 0.093285448 | J13: =J12 -> 35 | K13: =J13*K4 -> 1470 | L13: =K13+'Modelacion (8p) Nov 8'!G121+'Modelacion (8p) Nov 8'!K121+'Modelacion (8p) Nov 8'!E57 -> 1729.3108 | M13: =SUM(M12:M12) -> 2861856.9 | N13: =M13/M$36 -> 0.093285448 | P13: =P12 -> 0 | Q13: =P13*Q4 -> 0 | S13: =SUM(S12:S12) -> 0 | T13: =S13/S$36 -> 0
E14: =IFERROR(E13/F13,0) -> 0.85004964 | K14: =IFERROR(K13/L13,0) -> 0.85004964 | Q14: =IFERROR(Q13/R13,0) -> 0
B16: VIS | D16: 0 | E16: =H16*$E$2 -> 0 | F16: =E16/E4 -> 0 | G16: =E16*D16 -> 0 | H16: 0 | K16: =N16*$E$2 -> 0 | L16: =K16/K4 -> 0 | M16: =K16*J16 -> 0 | N16: 0 | Q16: =T16*$E$2 -> 0 | R16: =Q16/Q4 -> 0 | S16: =Q16*P16 -> 0 | T16: 0
D17: =D15+D16 -> 0 | E17: =D17*E4 -> 0 | F17: 0 | G17: =SUM(G15:G16) -> 0 | H17: =G17/G$36 -> 0 | J17: =J15+J16 -> 0 | K17: =J17*K4 -> 0 | M17: =SUM(M15:M16) -> 0 | N17: =M17/M$36 -> 0 | P17: =P15+P16 -> 0 | Q17: =P17*Q4 -> 0 | S17: =SUM(S15:S16) -> 0 | T17: =S17/S$36 -> 0
E18: =IFERROR(E17/F17,0) -> 0 | K18: =IFERROR(K17/L17,0) -> 0 | Q18: =IFERROR(Q17/R17,0) -> 0
B20: No VIS | D20: ='Modelacion (8p) Oct 26'!D53 -> 140 | E20: =H20*$E$2 -> 163800 | F20: =E20/E5 -> 3900 | G20: =E20*D20 -> 22932000 | H20: 180.29203 | J20: ='Modelacion (8p) Nov 8'!D53 -> 140 | K20: =N20*$E$2 -> 163800 | L20: =K20/K5 -> 3900 | M20: =K20*J20 -> 22932000 | N20: 180.29203 | P20: ='Modelacion (8p) No VIS Nov 8'!D53 -> 176 | Q20: =T20*$E$2 -> 163800 | R20: =Q20/Q5 -> 3900 | S20: =Q20*P20 -> 28828800 | T20: 180.29203
D21: =D20 -> 140 | E21: =D20*E5 -> 5880 | F21: =E21+'Modelacion (8p) Oct 26'!H121+'Modelacion (8p) Oct 26'!L121+'Modelacion (8p) Oct 26'!E58 -> 6896.2431 | G21: =SUM(G20:G20) -> 22932000 | H21: =G21/G$36 -> 0.74749436 | J21: =J20 -> 140 | K21: =J20*K5 -> 5880 | L21: =K21+'Modelacion (8p) Nov 8'!H121+'Modelacion (8p) Nov 8'!L121+'Modelacion (8p) Nov 8'!E58 -> 6896.2431 | M21: =SUM(M20:M20) -> 22932000 | N21: =M21/M$36 -> 0.74749436 | P21: =P20 -> 176 | Q21: =P20*Q5 -> 7392 | R21: =Q21+'Modelacion (8p) No VIS Nov 8'!H121+'Modelacion (8p) No VIS Nov 8'!L121+'Modelacion (8p) No VIS Nov 8'!D89+'Modelacion (8p) No VIS Nov 8'!D95 -> 8625.1528 | S21: =SUM(S20:S20) -> 28828800 | T21: =S21/S$36 -> 0.85506786
E22: =IFERROR(E21/F21,0) -> 0.85263815 | K22: =IFERROR(K21/L21,0) -> 0.85263815 | Q22: =IFERROR(Q21/R21,0) -> 0.85702829
B24: Comercio | D24: ='Modelacion (8p) Oct 26'!D122 -> 1061.8772 | F24: 4600 | G24: =F24*D24 -> 4884635.3 | J24: ='Modelacion (8p) Nov 8'!D122 -> 1061.8772 | L24: 4600 | M24: =L24*J24 -> 4884635.3 | P24: ='Modelacion (8p) No VIS Nov 8'!D122 -> 1062.2649 | R24: 4600 | S24: =R24*P24 -> 4886418.7
D25: =D24/30 -> 35.395908 | E25: =D24 -> 1061.8772 | F25: =E25+'Modelacion (8p) Oct 26'!J122+'Modelacion (8p) Oct 26'!D90 -> 1299.0688 | G25: =SUM(G24:G24) -> 4884635.3 | H25: =G25/G$36 -> 0.15922019 | J25: =J24/30 -> 35.395908 | K25: =J24 -> 1061.8772 | L25: =K25+'Modelacion (8p) Nov 8'!J122+'Modelacion (8p) Nov 8'!D90 -> 1299.0688 | M25: =SUM(M24:M24) -> 4884635.3 | N25: =M25/M$36 -> 0.15922019 | P25: =P24/30 -> 35.408831 | Q25: =P24 -> 1062.2649 | R25: =Q25+'Modelacion (8p) No VIS Nov 8'!J122+'Modelacion (8p) No VIS Nov 8'!D90 -> 1299.4699 | S25: =SUM(S24:S24) -> 4886418.7 | T25: =S25/S$36 -> 0.14493214
E26: =IFERROR(E25/F25,0) -> 0.81741416 | K26: =IFERROR(K25/L25,0) -> 0.81741416 | Q26: =IFERROR(Q25/R25,0) -> 0.81746022
B28: Servicios | D28: 0 | F28: 0 | G28: =F28*D28 -> 0 | L28: 0 | M28: =L28*J28 -> 0 | R28: 0 | S28: =R28*P28 -> 0
D29: =D28/80 -> 0 | E29: =D28 -> 0 | F29: 0 | G29: =SUM(G28:G28) -> 0 | H29: =G29/G$36 -> 0 | J29: =J28/80 -> 0 | K29: =J28 -> 0 | M29: =SUM(M28:M28) -> 0 | N29: =M29/M$36 -> 0 | P29: =P28/80 -> 0 | Q29: =P28 -> 0 | S29: =SUM(S28:S28) -> 0 | T29: =S29/S$36 -> 0
E30: =IFERROR(E29/F29,0) -> 0 | K30: =IFERROR(K29/L29,0) -> 0 | Q30: =IFERROR(Q29/R29,0) -> 0
B32: Dotacional privado | D32: 0 | F32: 0 | G32: =F32*D32 -> 0 | J32: 0 | L32: 0 | M32: =L32*J32 -> 0 | R32: 0 | S32: =R32*P32 -> 0
D33: =D32/80 -> 0 | E33: =D32 -> 0 | F33: 0 | G33: =SUM(G32:G32) -> 0 | H33: =G33/G$36 -> 0 | J33: =J32/80 -> 0 | K33: =J32 -> 0 | L33: 0 | M33: =SUM(M32:M32) -> 0 | N33: =M33/M$36 -> 0 | P33: =P32/80 -> 0 | Q33: =P32 -> 0 | S33: =SUM(S32:S32) -> 0 | T33: =S33/S$36 -> 0
E34: =IFERROR(E33/F33,0) -> 0 | K34: =IFERROR(K33/L33,0) -> 0 | Q34: =IFERROR(Q33/R33,0) -> 0
B36: 1. TOTAL APROVECHAMIENTO | D36: ='Modelacion (8p) Oct 26'!D49 -> 8 | E36: =E13+E17+E21+E25+E29 -> 8411.8772 | F36: =F13+F17+F21+F25+F29 -> 9924.6227 | G36: =G13+G17+G21+G25+G29 -> 30678492 | H36: 1 | J36: ='Modelacion (8p) Nov 8'!D49 -> 8 | K36: =K13+K17+K21+K25+K29 -> 8411.8772 | L36: =L13+L17+L21+L25+L29 -> 9924.6227 | M36: =M13+M17+M21+M25+M29 -> 30678492 | N36: 1 | P36: ='Modelacion (8p) Nov 8'!J49 -> 0 | Q36: =Q13+Q17+Q21+Q25+Q29 -> 8454.2649 | R36: =R13+R17+R21+R25+R29 -> 9924.6227 | S36: =S13+S17+S21+S25+S29 -> 33715219 | T36: 1
B38: COSTOS | E38: 1000 | F38: =F75 -> -0.31160543 | G38: =G77 -> 1594401.6 | H38: =H77 -> 0.051971317 | K38: 1000 | L38: =L75 -> -0.3084454 | M38: =M77 -> 1603121.8 | N38: =N77 -> 0.052255559 | Q38: 1000 | R38: =R75 -> 0.16824635 | S38: =S77 -> 3835799.1 | T38: =T77 -> 0.11377055
B39: OBLIGACION Y APORTE POR EDIFICABILIDAD | G39: =SUM(G42:G47) -> 17440.256 | H39: =G39/G36 -> 0.00056848478 | M39: =SUM(M42:M47) -> 8720.128 | N39: =M39/M36 -> 0.00028424239 | S39: =SUM(S42:S47) -> 17440.256 | T39: =S39/S36 -> 0.00051728141
B40: FACTORES | D40: 0.1 | E40: =E41/H3 -> 0 | F40: 0.25 | J40: 0.05 | K40: =K41/N3 -> 0 | L40: 0.25 | P40: 0.1 | Q40: =Q41/T3 -> 0 | R40: 0.25
B41: (CSs) Cesión suelo Espacio Público | D41: =D40*H3 -> 236.96 | E41: 0 | F41: =F40*H3 -> 592.4 | J41: =J40*N3 -> 118.48 | K41: 0 | L41: =L40*N3 -> 592.4 | P41: =P40*T3 -> 236.96 | Q41: 0 | R41: =R40*T3 -> 592.4
B42: (Vcomp) Valor Comp. CSs | D42: 400 | E42: 0.8 | G42: =IF(F41<D42,F41*(E8*E42),) -> 0 | H42: =G42/G36 -> 0 | J42: 400 | K42: 0.8 | M42: =IF(L41<J42,L41*(K8*K42),) -> 0 | N42: =M42/M36 -> 0 | P42: 400 | Q42: 0.8 | S42: =IF(R41<P42,R41*(Q8*Q42),) -> 0 | T42: =S42/S36 -> 0
B43: (PD) Pago compensatorio en dinero | E43: 0.75 | F43: 0 | G43: =E41*E8*E43 -> 0 | H43: =G43/G36 -> 0 | K43: 0.75 | L43: 0 | M43: =K41*K8*K43 -> 0 | N43: =M43/M36 -> 0 | Q43: 0.75 | R43: 0 | S43: =Q41*Q8*Q43 -> 0 | T43: =S43/S36 -> 0
B44: (OSP) Obligación redes servicios públicos | E44: 0.064 | F44: 0 | G44: =D41*E8*E44 -> 17440.256 | H44: =G44/G36 -> 0.00056848478 | K44: 0.064 | L44: 0 | M44: =J41*K8*K44 -> 8720.128 | N44: =M44/M36 -> 0.00028424239 | Q44: 0.064 | R44: 0 | S44: =P41*Q8*Q44 -> 17440.256 | T44: =S44/S36 -> 0.00051728141
B45: Obligación VIP | D45: =+(IF(H5<4,0,IF(H5<=5,0.05,IF(H5<=6,0.1,IF(H5<=7,0.1,IF(H5<=11,0.1)))))*H4) -> 0 | E45: 0.18 | G45: =D45*E8*E45 -> 0 | H45: =G45/G36 -> 0 | J45: =+(IF(N5<4,0,IF(N5<=5,0.05,IF(N5<=6,0.1,IF(N5<=7,0.1,IF(N5<=11,0.1)))))*N4) -> 0 | K45: 0.18 | M45: =J45*K8*K45 -> 0 | N45: =M45/M36 -> 0 | P45: =+(IF(T5<4,0,IF(T5<=5,0.05,IF(T5<=6,0.1,IF(T5<=7,0.1,IF(T5<=11,0.1)))))*T4) -> 0 | Q45: 0.18 | S45: =P45*Q8*Q45 -> 0 | T45: =S45/S36 -> 0
B46: Obligación VIS | D46: 0 | E46: 0.18 | F46: 0 | G46: =D46*E8*E46 -> 0 | H46: =G46/G36 -> 0 | J46: 0 | K46: 0.18 | L46: 0 | M46: =J46*K8*K46 -> 0 | N46: =M46/M36 -> 0 | P46: 0 | Q46: 0.18 | R46: 0 | S46: =P46*Q8*Q46 -> 0 | T46: =S46/S36 -> 0
B47: Pago Compensatorio Parq. Adicionales | D47: 0 | E47: 0.1 | F47: 0 | G47: =D47*E47*E8 -> 0 | H47: =G47/G36 -> 0 | J47: 0 | K47: 0.1 | L47: 0 | M47: =J47*K47*K8 -> 0 | N47: =M47/M36 -> 0 | P47: 0 | Q47: 0.1 | R47: 0 | S47: =P47*Q47*Q8 -> 0 | T47: =S47/S36 -> 0
B49: OBRAS EN ESPACIO PUBLICO (URB) Y DEMOLICIONES | G49: =SUM(G50:G52) -> 891042.33 | H49: =G49/G36 -> 0.029044528 | M49: =SUM(M50:M52) -> 891042.33 | N49: =M49/M36 -> 0.029044528 | S49: =SUM(S50:S52) -> 296200 | T49: =S49/S36 -> 0.0087853501
B50: Obras en espacio público (Andenes) | E50: ='Modelacion (8p) Oct 26'!D73 -> 674.21167 | F50: 200 | G50: =E50*F50 -> 134842.33 | K50: ='Modelacion (8p) Nov 8'!D73 -> 674.21167 | L50: 200 | M50: =K50*L50 -> 134842.33 | Q50: ='Modelacion (8p) Nov 8'!J73 -> 0 | R50: 200 | S50: =Q50*R50 -> 0
B51: Dotación Espacio Público | E51: =IF(F41>400,F41,) -> 592.4 | F51: 500 | G51: =E51*F51 -> 296200 | K51: =IF(L41>400,L41,) -> 592.4 | L51: 500 | M51: =K51*L51 -> 296200 | Q51: =IF(R41>400,R41,) -> 592.4 | R51: 500 | S51: =Q51*R51 -> 296200
B52: Demoliciones | E52: ='Base (8p) Oct 26'!F33 -> 4600 | F52: 100 | G52: =E52*F52 -> 460000 | K52: ='Base (8p) Nov 8'!F33 -> 4600 | L52: 100 | M52: =K52*L52 -> 460000 | Q52: ='Base (8p) Nov 8'!L33 -> 0 | R52: 100 | S52: =Q52*R52 -> 0
B54: COSTO DIRECTO | G54: =SUM(G56:G62) -> 18360047 | H54: =G54/G36 -> 0.59846639 | M54: =SUM(M56:M62) -> 18360047 | N54: =M54/M36 -> 0.59846639 | S54: =SUM(S56:S62) -> 19051771 | T54: =S54/S36 -> 0.56507926
B56: =B12 -> VIP | D56: =F13 -> 1729.3108 | E56: 1400 | G56: =D56*(E56+F56) -> 2421035.1 | H56: =G56/G36 -> 0.078916365 | J56: =L13 -> 1729.3108 | K56: 1400 | M56: =J56*(K56+L56) -> 2421035.1 | N56: =M56/M36 -> 0.078916365 | P56: =R13 -> 0 | Q56: 0 | S56: =P56*(Q56+R56) -> 0 | T56: =S56/S36 -> 0
B57: =B16 -> VIS | D57: =F17 -> 0 | E57: 0 | G57: =D57*(E57+F57) -> 0 | H57: =G57/G36 -> 0 | J57: =L17 -> 0 | K57: 0 | M57: =J57*(K57+L57) -> 0 | N57: =M57/M36 -> 0 | P57: =R17 -> 0 | Q57: 0 | S57: =P57*(Q57+R57) -> 0 | T57: =S57/S36 -> 0
B58: =B20 -> No VIS | D58: =F21 -> 6896.2431 | E58: 1800 | G58: =D58*(E58+F58) -> 12413238 | H58: =G58/G36 -> 0.40462346 | J58: =L21 -> 6896.2431 | K58: 1800 | M58: =J58*(K58+L58) -> 12413238 | N58: =M58/M36 -> 0.40462346 | P58: =R21 -> 8625.1528 | Q58: 1800 | S58: =P58*(Q58+R58) -> 15525275 | T58: =S58/S36 -> 0.4604827
B59: =B24 -> Comercio | D59: =F25 -> 1299.0688 | E59: 1800 | G59: =D59*(E59+F59) -> 2338323.9 | H59: =G59/G36 -> 0.0762203 | J59: =L25 -> 1299.0688 | K59: 1800 | M59: =J59*(K59+L59) -> 2338323.9 | N59: =M59/M36 -> 0.0762203 | P59: =R25 -> 1299.4699 | Q59: 1800 | S59: =P59*(Q59+R59) -> 2339045.8 | T59: =S59/S36 -> 0.069376557
B60: =B28 -> Servicios | D60: =F29 -> 0 | E60: 0 | G60: =D60*(E60+F60) -> 0 | H60: =G60/G36 -> 0 | J60: =L29 -> 0 | K60: 0 | M60: =J60*(K60+L60) -> 0 | N60: =M60/M36 -> 0 | P60: =R29 -> 0 | Q60: 0 | S60: =P60*(Q60+R60) -> 0 | T60: =S60/S36 -> 0
B61: Dotacional (Teatro) | D61: 0 | E61: 0 | G61: =D61*E61 -> 0 | H61: =G61/G36 -> 0 | J61: 0 | K61: 0 | M61: =J61*K61 -> 0 | N61: =M61/M36 -> 0 | P61: 0 | Q61: 0 | S61: =P61*Q61 -> 0 | T61: =S61/S36 -> 0
B62: Estacionamientos | D62: ='Modelacion (8p) Oct 26'!D88+'Modelacion (8p) Oct 26'!D94 -> 848.17858 | E62: 1400 | G62: =D62*E62 -> 1187450 | H62: =G62/G36 -> 0.03870627 | J62: ='Modelacion (8p) Nov 8'!D88+'Modelacion (8p) Nov 8'!D94 -> 848.17858 | K62: 1400 | M62: =J62*K62 -> 1187450 | N62: =M62/M36 -> 0.03870627 | P62: ='Modelacion (8p) No VIS Nov 8'!D88+'Modelacion (8p) No VIS Nov 8'!D94 -> 848.17858 | Q62: 1400 | S62: =P62*Q62 -> 1187450 | T62: =S62/S36 -> 0.03522
D63: =SUM(D56:D61) -> 9924.6227 | E63: =SUM(D61:D62)+D63 -> 10772.801 | F63: =G54/E63 -> 1704.2964 | J63: =SUM(J56:J61) -> 9924.6227 | K63: =SUM(J61:J62)+J63 -> 10772.801 | L63: =M54/K63 -> 1704.2964 | P63: =SUM(P56:P61) -> 9924.6227 | Q63: =SUM(P61:P62)+P63 -> 10772.801 | R63: =S54/Q63 -> 1768.5067
B65: COSTOS INDIRECTOS | E65: 0.23 | G65: =E65*G36 -> 7056053.2 | H65: =G65/G36 -> 0.23 | K65: 0.23 | M65: =K65*M36 -> 7056053.2 | N65: =M65/M36 -> 0.23 | Q65: 0.23 | S65: =Q65*S36 -> 7754500.3 | T65: =S65/S36 -> 0.23
B66: Vts. / Hon. / Imp. / Fin. / | F66: =G65/E63 -> 654.98778 | L66: =M65/K63 -> 654.98778 | R66: =S65/Q63 -> 719.82209
B67: 2. TOTAL COSTOS | G67: =G39+G49+G54+G65 -> 26324582 | H67: =G67/G36 -> 0.85807941 | M67: =M39+M49+M54+M65 -> 26315862 | N67: =M67/M36 -> 0.85779516 | S67: =S39+S49+S54+S65 -> 27119911 | T67: =S67/S36 -> 0.80438189
B69: 3. DIFERENCIA (1 - 2) | G69: =G36-G67 -> 4353909.8 | H69: =G69/G36 -> 0.14192059 | M69: =M36-M67 -> 4362630 | N69: =M69/M36 -> 0.14220484 | S69: =S36-S67 -> 6595307.3 | T69: =S69/S36 -> 0.19561811
B70: 4. UTILIDAD MÍNIMA | E70: 0.08 | G70: =E70*G36 -> 2454279.4 | H70: =G70/G36 -> 0.08 | K70: 0.08 | M70: =K70*M36 -> 2454279.4 | N70: =M70/M36 -> 0.08 | Q70: 0.1 | S70: =Q70*S36 -> 3371521.9 | T70: =S70/S36 -> 0.1
B72: 5. VALOR RESIDUAL SUELO (3 - 4) | D72: =G72/H3 -> 801.66714 | G72: =G69-G70 -> 1899630.5 | H72: =G72/G36 -> 0.061920594 | J72: =M72/N3 -> 805.34714 | M72: =M69-M70 -> 1908350.6 | N72: =M72/M36 -> 0.062204836 | P72: =S72/T3 -> 1360.4766 | S72: =S69-S70 -> 3223785.4 | T72: =S72/S36 -> 0.095618107
B73: 6. VALOR COMERCIAL PROY. SUELO | D73: =H7 -> 1164.546 | G73: =(E6*(1+H6))*H3 -> 2759508.2 | H73: =G73/G36 -> 0.089949277 | J73: =N7 -> 1164.546 | M73: =(K6*(1+N6))*N3 -> 2759508.2 | N73: =M73/M36 -> 0.089949277 | P73: =T7 -> 1164.546 | S73: =(Q6*(1+T6))*T3 -> 2759508.2 | T73: =S73/S36 -> 0.081847554
B75: 7. Diferencia Vlr RESIDUAL - COMERCIAL (5 - 6) | E75: Margen (7 / 6) | F75: =G75/G73 -> -0.31160543 | G75: =G72-G73 -> -859877.74 | H75: =G75/G36 -> -0.028028683 | K75: Margen (7 / 6) | L75: =M75/M73 -> -0.3084454 | M75: =M72-M73 -> -851157.62 | N75: =M75/M36 -> -0.027744441 | Q75: Margen (7 / 6) | R75: =S75/S73 -> 0.16824635 | S75: =S72-S73 -> 464277.18 | T75: =S75/S36 -> 0.013770552
B77: 8. UTILIDAD - PAGANDO SUELO VLR COMERCIAL (3 - 6) | G77: =G69-G73 -> 1594401.6 | H77: =G77/G36 -> 0.051971317 | M77: =M69-M73 -> 1603121.8 | N77: =M77/M36 -> 0.052255559 | S77: =S69-S73 -> 3835799.1 | T77: =S77/S36 -> 0.11377055
H79: Ejercicio | N79: Ejercicio | T79: Ejercicio
H80: =D10 -> ACTUACIÓN SIN ANTEJARDÍN - 8 PISOS - PARQUE EL TUNAL | N80: =J10 -> ACTUACIÓN SIN ANTEJARDÍN - 8 PISOS - PARQUE EL TUNAL | T80: =P10 -> ACTUACIÓN SIN ANTEJARDÍN - 8 PISOS - PARQUE EL TUNAL
B83: Ubicación | H83: Calle 56Sur - Cra 19c | N83: Calle 56Sur - Cra 19c | T83: Calle 56Sur - Cra 19c
B85: Área del predio | H85: =H3 -> 2369.6 | N85: =N3 -> 2369.6 | T85: =T3 -> 2369.6
B86: Edificabilidad | H86: =H4 -> 8462.1248 | N86: =N4 -> 6992.1248 | T86: =T4 -> 8466.2925
B87: (Ic) | H87: =H5 -> 3.5711195 | N87: =N5 -> 2.9507617 | T87: =T5 -> 3.5728783
B88: VIS /VIP (unidades) | H88: =D13+D17 -> 35 | N88: =J13+J17 -> 35 | T88: =P13+P17 -> 0
B89: No VIS (unidades) | H89: =D21 -> 140 | N89: =J21 -> 140 | T89: =P21 -> 176
B90: Comercio | H90: =D24 -> 1061.8772 | N90: =J24 -> 1061.8772 | T90: =P24 -> 1062.2649
B91: Servicios | H91: =D28 -> 0 | N91: =J28 -> 0 | T91: =P28 -> 0
B93: Ventas | H93: =G36 -> 30678492 | N93: =M36 -> 30678492 | T93: =S36 -> 33715219
B94: Cargas | H94: =G39 -> 17440.256 | N94: =M39 -> 8720.128 | T94: =S39 -> 17440.256
B95: Cargas % | H95: =H39 -> 0.00056848478 | N95: =N39 -> 0.00028424239 | T95: =T39 -> 0.00051728141
B96: Obras en espacio público | H96: =G49 -> 891042.33 | N96: =M49 -> 891042.33 | T96: =S49 -> 296200
B97: Costos directos | H97: =G54 -> 18360047 | N97: =M54 -> 18360047 | T97: =S54 -> 19051771
B98: Costos indirectos | H98: =G65 -> 7056053.2 | N98: =M65 -> 7056053.2 | T98: =S65 -> 7754500.3
B99: Residual | H99: =G72 -> 1899630.5 | N99: =M72 -> 1908350.6 | T99: =S72 -> 3223785.4
B100: Utilidad resultante | H100: =G77 -> 1594401.6 | N100: =M77 -> 1603121.8 | T100: =S77 -> 3835799.1
B101: Utilidad resultante % | H101: =H77 -> 0.051971317 | N101: =N77 -> 0.052255559 | T101: =T77 -> 0.11377055
B103: Precio m2 vivienda No VIS | H103: =F20 -> 3900 | N103: =L20 -> 3900 | T103: =R20 -> 3900
B104: Precio m2 comercio | H104: =F24 -> 4600 | N104: =L24 -> 4600 | T104: =R24 -> 4600
B105: Precio m2 servicios | H105: =F28 -> 0 | N105: =L28 -> 0 | T105: =R28 -> 0

Sheet $ Mercado Sur oriente
H1: PROMEDIO | I1: =AVERAGE(I6:I27) -> 3922885
H2: MIN | I2: =MIN(I6:I27) -> 3264513.9
H3: MAX | I3: =MAX(I6:I27) -> 4993177
H4: MEDIANA | I4: =MEDIAN(I6:I27) -> 3853152.2
A5: Puesto | B5: Codproyecto | C5: Proyecto | D5: Vende | E5: Construye | F5: Dirección | G5: Zona | H5: Sub Zona | I5: $ Prom. Oferta m2 | J5: Meses Activo Semestre | K5: Ventas Prom. Mes Un. (Sem) | L5: Ventas Prom. Mes $. (Sem) | M5: Un. Disponible | N5: Fecha Inicio Ventas | O5: Calificación % | P5: Total Unidades Proy. | Q5: Ventas Totales (Un) | R5: Venta Prom. Total (Un) | S5: % Vendido Total (Un) | T5: Precio Prom. Oferta | U5: Ventas Mes (Un) | V5: Ventas Mes ($mm) | W5: Area Prom. Oferta | X5: Tipo | Y5: Tipo de Vivienda ( Vis o No Vis )
A6: 429 | B6: 407153 | C6: Ed. Sin Nombre | D6: Independiente | E6: Independiente | F6: Cr. 7B # 22A-70 Sur | G6: Sur Oriente | H6: 20 de Julio | I6: N.A. | J6: 1 | K6: 2 | L6: 780 | M6: 0 | N6: 43831 | O6: 0.6744186 | P6: 9 | Q6: 9 | R6: 0.5625 | S6: 1 | T6: 390 | U6: 0 | V6: 0 | W6: N.A. | X6: Apto./ | Y6: No Vis/ | AA6: =W6*I6 -> #VALUE!
A7: 459 | B7: 407061 | C7: Edif. Toledo | D7: Independiente | E7: Independiente | F7: Cr. 10 # 19-33 Sur | G7: Sur Oriente | H7: 20 de Julio | I7: 4068244.6 | J7: 6 | K7: 2.1666667 | L7: 696.19707 | M7: 4 | N7: 43556 | O7: 0.6627907 | P7: 60 | Q7: 56 | R7: 1.8666667 | S7: 0.93333333 | T7: 336.74679 | U7: 1 | V7: 344 | W7: 83.23 | X7: Apto./ | Y7: No Vis/ | AA7: =W7*I7 -> 338600000
A8: 499 | B8: 407140 | C8: Tiziano | D8: RCH Const. | E8: RCH Const. | F8: Cl. 32 Sur # 26D-55 | G8: Sur Oriente | H8: Prim. Mayo | I8: 4993177 | J8: 6 | K8: 2.8333333 | L8: 564.8 | M8: 29 | N8: 44044 | O8: 0.60465116 | P8: 60 | Q8: 31 | R8: 2.2142857 | S8: 0.51666667 | T8: 202.50836 | U8: 2 | V8: 337 | W8: 40.178276 | X8: Apto./ | Y8: No Vis/ | AA8: =W8*I8 -> 2.0061724e+08
A9: 545 | B9: 407199 | C9: Ed. Steel Tower | D9: Independiente | E9: Independiente | F9: Cl. 27B Sur # 35-15 | G9: Sur Oriente | H9: Prim. Mayo | I9: 4200000 | J9: 5 | K9: 1.4 | L9: 441 | M9: 5 | N9: 44317 | O9: 0.54651163 | P9: 12 | Q9: 7 | R9: 1.4 | S9: 0.58333333 | T9: 315 | U9: 3 | V9: 945 | W9: 75 | X9: Apto./ | Y9: No Vis/ | AA9: =W9*I9 -> 315000000
A10: 564 | B10: 407154 | C10: Avanzzare | D10: Constructora Avanzzare | E10: Constructora Avanzzare | F10: Cr. 33 # 41-96 Sur | G10: Sur Oriente | H10: Aut. Sur | I10: N.A. | J10: 4 | K10: 1.75 | L10: 410 | M10: 0 | N10: 43983 | O10: 0.51162791 | P10: 30 | Q10: 30 | R10: 2 | S10: 1 | T10: 237.26667 | U10: 0 | V10: 0 | W10: N.A. | X10: Apto./ | Y10: No Vis/ | AA10: =W10*I10 -> #VALUE!
A11: 590 | B11: 407092 | C11: Ed. Manantial | D11: Independiente | E11: Independiente | F11: Cr. 8 # 22B-52 Sur | G11: Sur Oriente | H11: 20 de Julio | I11: N.A. | J11: 5 | K11: 1.2 | L11: 356.2 | M11: 0 | N11: 43739 | O11: 0.5 | P11: 22 | Q11: 22 | R11: 0.91666667 | S11: 1 | T11: 321.76 | U11: 1 | V11: 348 | W11: N.A. | X11: Apto./ | Y11: No Vis/ | AA11: =W11*I11 -> #VALUE!
A12: 617 | B12: 407062 | C12: Balcones de la Valvanera | D12: Bienes Inmob. de Col. | E12: Bienes Inmob. de Col. | F12: Cr. 24B # 13-27 Sur | G12: Sur Oriente | H12: Prim. Mayo | I12: N.A. | J12: 1 | K12: 1 | L12: 320 | M12: 0 | N12: 43586 | O12: 0.48837209 | P12: 24 | Q12: 24 | R12: 1 | S12: 1 | T12: 320 | U12: 0 | V12: 0 | W12: N.A. | X12: Apto./ | Y12: No Vis/ | AA12: =W12*I12 -> #VALUE!
A13: 671 | B13: 407058 | C13: Santa Ana II .. | D13: Const. Monte Blanco | E13: Const. Monte Blanco | F13: Cl. 11 Sur # 1A-09 | G13: Sur Oriente | H13: 20 de Julio | I13: N.A. | J13: 2 | K13: 1 | L13: 240.65 | M13: 0 | N13: 43586 | O13: 0.44186047 | P13: 21 | Q13: 21 | R13: 0.80769231 | S13: 1 | T13: 238.7 | U13: 0 | V13: 0 | W13: N.A. | X13: Apto./ | Y13: No Vis/ | AA13: =W13*I13 -> #VALUE!
A14: 679 | B14: 407176 | C14: Ed. Emar | D14: Const. Marbol | E14: Const. Marbol | F14: Cl. 32 Sur # 7A24 | G14: Sur Oriente | H14: 20 de Julio | I14: N.A. | J14: 3 | K14: 1 | L14: 232.66667 | M14: 0 | N14: 43831 | O14: 0.43023256 | P14: 18 | Q14: 18 | R14: 0.94736842 | S14: 1 | T14: 232.66667 | U14: 0 | V14: 0 | W14: N.A. | X14: Apto./ | Y14: No Vis/ | AA14: =W14*I14 -> #VALUE!
A15: 698 | B15: 407067 | C15: Torre Riovista | D15: RGA Arq. | E15: RGA Arq. | F15: Cl. 31Bis Sur # 26D-06 | G15: Sur Oriente | H15: Prim. Mayo | I15: N.A. | J15: 1 | K15: 1 | L15: 215 | M15: 0 | N15: 43586 | O15: 0.39534884 | P15: 37 | Q15: 37 | R15: 1.5416667 | S15: 1 | T15: 215 | U15: 0 | V15: 0 | W15: N.A. | X15: Apto./ | Y15: No Vis/ | AA15: =W15*I15 -> #VALUE!
A16: 708 | B16: 407200 | C16: Ed. Arbok | D16: Arbok Construcciones | E16: Arbok Construcciones | F16: Dg. 40 Sur # 26-41 | G16: Sur Oriente | H16: Prim. Mayo | I16: 3511214.2 | J16: 4 | K16: 1.5 | L16: 200 | M16: 4 | N16: 44348 | O16: 0.38372093 | P16: 10 | Q16: 6 | R16: 1.5 | S16: 0.6 | T16: 196.25397 | U16: 2 | V16: 230 | W16: 64.65 | X16: Apto./ | Y16: No Vis/ | AA16: =W16*I16 -> 227000000
A17: 741 | B17: 407124 | C17: Ed. Alcala | D17: Independiente | E17: Independiente | F17: Cl. 36 Sur # 51D-53 | G17: Sur Oriente | H17: Prim. Mayo | I17: N.A. | J17: 3 | K17: 0.66666667 | L17: 163.33333 | M17: 0 | N17: 43831 | O17: 0.36046512 | P17: 8 | Q17: 8 | R17: 0.42105263 | S17: 1 | T17: 245 | U17: 0 | V17: 0 | W17: N.A. | X17: Apto./ | Y17: No Vis/ | AA17: =W17*I17 -> #VALUE!
A18: 742 | B18: 407111 | C18: Mult. Santa Lucia | D18: Independiente | E18: Independiente | F18: Cr. 25A # 44-72 Sur | G18: Sur Oriente | H18: Aut. Sur | I18: N.A. | J18: 1 | K18: 1 | L18: 160 | M18: 0 | N18: 43800 | O18: 0.34883721 | P18: 12 | Q18: 12 | R18: 0.66666667 | S18: 1 | T18: 160 | U18: 0 | V18: 0 | W18: N.A. | X18: Apto./ | Y18: No Vis/ | AA18: =W18*I18 -> #VALUE!
A19: 769 | B19: 407151 | C19: Meraki | D19: Gonzalez & Cia Inm. | E19: Gonzalez & Cia Inm. | F19: Cl. 48C # 25-78 Sur | G19: Sur Oriente | H19: Aut. Sur | I19: N.A. | J19: 3 | K19: 0.66666667 | L19: 135.01667 | M19: 0 | N19: 43831 | O19: 0.3372093 | P19: 9 | Q19: 9 | R19: 0.47368421 | S19: 1 | T19: 218.55 | U19: 0 | V19: 0 | W19: N.A. | X19: Apto./ | Y19: No Vis/ | AA19: =W19*I19 -> #VALUE!
A20: 772 | B20: 407171 | C20: Ed. Multif. Morava | D20: Const. Morava | E20: Const. Morava | F20: Dg. 52 Sur # 28-72 | G20: Sur Oriente | H20: Aut. Sur | I20: 3264513.9 | J20: 6 | K20: 0.83333333 | L20: 132.58333 | M20: 2 | N20: 44228 | O20: 0.3255814 | P20: 9 | Q20: 7 | R20: 0.875 | S20: 0.77777778 | T20: 177.34167 | U20: 1 | V20: 185 | W20: 56.67 | X20: Apto./ | Y20: No Vis/ | AA20: =W20*I20 -> 185000000
A21: 793 | B21: 407201 | C21: Sin Nombre | D21: Codespro | E21: Codespro | F21: Cl. 35 Sur # 26-59 | G21: Sur Oriente | H21: Prim. Mayo | I21: 3638059.7 | J21: 5 | K21: 0.6 | L21: 117 | M21: 5 | N21: 44317 | O21: 0.29069767 | P21: 8 | Q21: 3 | R21: 0.6 | S21: 0.375 | T21: 195 | U21: 0 | V21: 0 | W21: 53.6 | X21: Apto./ | Y21: No Vis/ | AA21: =W21*I21 -> 195000000
A22: 799 | B22: 407125 | C22: Ed. Ebenezzer | D22: Independiente | E22: Independiente | F22: Tv. 35 # 27B-21 Sur | G22: Sur Oriente | H22: Prim. Mayo | I22: 4283582.1 | J22: 6 | K22: 0.5 | L22: 111.5 | M22: 1 | N22: 43831 | O22: 0.27906977 | P22: 12 | Q22: 11 | R22: 0.52380952 | S22: 0.91666667 | T22: 265.66667 | U22: 0 | V22: 0 | W22: 67 | X22: Apto./ | Y22: No Vis/ | AA22: =W22*I22 -> 287000000
A23: 812 | B23: 407179 | C23: Ed. Madre de Dios | D23: Independiente | E23: Independiente | F23: Cr. 24G # 13-81 Sur | G23: Sur Oriente | H23: Prim. Mayo | I23: 4076923.1 | J23: 6 | K23: 0.33333333 | L23: 88.333333 | M23: 2 | N23: 44075 | O23: 0.26744186 | P23: 8 | Q23: 6 | R23: 0.46153846 | S23: 0.75 | T23: 265 | U23: 0 | V23: 0 | W23: 65 | X23: Apto./ | Y23: No Vis/ | AA23: =W23*I23 -> 2.65e+08
A24: 852 | B24: 407096 | C24: Domus 35-S | D24: COE Ingenieria | E24: COE Ingenieria | F24: Cl. 35 Sur # 52-82 | G24: Sur Oriente | H24: Prim. Mayo | I24: 3567424.3 | J24: 6 | K24: 0.16666667 | L24: 58.333333 | M24: 1 | N24: 43739 | O24: 0.24418605 | P24: 4 | Q24: 3 | R24: 0.125 | S24: 0.75 | T24: 349.16667 | U24: 0 | V24: 0 | W24: 98.11 | X24: Apto./ | Y24: No Vis/ | AA24: =W24*I24 -> 350000000
A25: 914 | B25: 407102 | C25: Ed. Santander | D25: DM Construcciones | E25: DM Construcciones | F25: Cr. 26A # 23-06 Sur | G25: Sur Oriente | H25: Prim. Mayo | I25: 3435099 | J25: 6 | K25: 0 | L25: 0 | M25: 10 | N25: 43770 | O25: 0.1627907 | P25: 12 | Q25: 2 | R25: 0.086956522 | S25: 0.16666667 | T25: 422.5 | U25: 0 | V25: 0 | W25: 122.995 | X25: Apto./ | Y25: No Vis/ | AA25: =W25*I25 -> 422500000
A26: 918 | B26: 407160 | C26: Enki I | D26: ENKI | E26: ENKI | F26: Cr. 26C # 35-36 Sur | G26: Sur Oriente | H26: Prim. Mayo | I26: 4435155 | J26: 6 | K26: 0 | L26: 0 | M26: 5 | N26: 44136 | O26: 0.15116279 | P26: 8 | Q26: 3 | R26: 0.27272727 | S26: 0.375 | T26: 217.5 | U26: 1 | V26: 217.5 | W26: 49.04 | X26: Apto./ | Y26: No Vis/ | AA26: =W26*I26 -> 2.175e+08
A27: 940 | B27: 407095 | C27: Ed. Quiroga | D27: Independiente | E27: Independiente | F27: Cr. 24 # 35A-49 Sur | G27: Sur Oriente | H27: Prim. Mayo | I27: 3601227 | J27: 6 | K27: 0 | L27: 0 | M27: 5 | N27: 43709 | O27: 0.13953488 | P27: 9 | Q27: 4 | R27: 0.16 | S27: 0.44444444 | T27: 234.8 | U27: 0 | V27: 0 | W27: 65.2 | X27: Apto./ | Y27: No Vis/ | AA27: =W27*I27 -> 2.348e+08
B32: COMERCIO | C32: 1250000000 | D32: 271 | E32: =C32/D32 -> 4612546.1
